Honkrish, neutral male human Monk --- -.. .. --- ---.| | --.... ----@..| -...........h>!-- -...... --...[-- |. -G--.).- - .. ---.--- --- --.).| ------- ----....--- ---.|.|.---- ---.........|--........|.-- |........(.%--*...........| ---..%..........-...--......| ---.....)............----.....--- |......<.............| |.......| --..--.--......|.....- ----....| |..|-----....---.....| ---.-- |..| ------ ...|..| --- ---- |..---.| ---- -- Honkrish the Novice Experience level: 5 Strength: 15 Dexterity: 18 Constitution: 9 Intelligence: 10 Wisdom: 11 Charisma: 10 Health: 0(39) Energy: 25(25) Def: 8 Gold: 237 Moves: 923 Dungeon seed: I9uSsHA5tiypKAbb Game ID: Honkrish_1521120850 Your Inventory: Coins $ - 237 gold pieces Armor e - an uncursed +2 pair of leather gloves (being worn) n - an uncursed +1 robe (being worn) y - an uncursed +0 pair of iron shoes (being worn) Comestibles f - 5 uncursed apples g - 6 uncursed oranges h - 3 uncursed fortune cookies p - 6 uncursed food rations Scrolls b - an uncursed scroll of food detection l - a blessed scroll of food detection o - an uncursed scroll of punishment t - an uncursed scroll of enchant armor u - a cursed scroll of stinking cloud Potions c - 3 uncursed potions of healing r - an uncursed potion of gain energy Wands j - a cursed wand of opening (0:2) s - an uncursed wand of sleep (0:7) Tools d - an uncursed lock pick i - an uncursed oil lamp (0:1376) Spells and supernatural/magical abilities: Spell marked with ':' is quivered. Name Level Category Fail Memory z - sleep 1 : enchantment 0% 99% W - pray for help -- divine ? -- Your skills at the end: Fighting Skills martial arts [Basic] wands [Basic] Weapon Skills Spellcasting Skills healing spells [Basic] Final Attributes: You were immune to sleep. You were poison resistant. You were blinded. You saw invisible. You were stealthy. You were fast. You are dead. Vanquished creatures: a gnome king a water nymph a shrieker 3 gnome lords a gnomish wizard 4 dwarves a hobbit 13 gnomes a gecko 4 jackals 2 sewer rats 6 grid bugs a lichen a kobold zombie 4 newts 44 creatures vanquished. Voluntary challenges: You followed a strict vegan diet. You were an atheist. You never hit with a wielded weapon. You read items or engraved 1 time, starting on turn 25. You never genocided any monsters. You never polymorphed an object. You never changed form. You used no wishes. You never split a pudding. You never wrote Elbereth's name. You never violated your personal moral code. Dungeon overview: The Dungeons of Doom: levels 1 to 4 Level 1 a vault a long staircase Level 2 a fountain Level 3 a fountain stairs to The Gnomish Mines Level 4 The Gnomish Mines: levels 4 to 5 Level 4 stairs to The Dungeons of Doom Level 5 <- You were here History has recorded: On T:1 you entered the Dungeons of Doom to retrieve the Amulet of Yendor! On T:214 you reached level 2 of The Dungeons of Doom. On T:286 you reached level 3 of The Dungeons of Doom. On T:506 you advanced to experience level 2. On T:598 you reached level 4 of The Dungeons of Doom. On T:702 you reached level 1 of The Gnomish Mines. On T:707 you advanced to experience level 3. On T:734 you advanced to experience level 4. On T:826 you reached level 2 of The Gnomish Mines. On T:828 you advanced to experience level 5. Score breakdown: Gold: 237 ( 8084 points) Experience: 5 levels (11141 points) Exploration: 5 levels ( 10.87%) ( 8944 points) Discoveries: 3 items ( 1.06%) ( 3088 points) Valuables value: (no points given unless you survive) Artifact value: 0 ( 0 points) Variety of kills: 15 monsters ( 3.95%) ( 5960 points) Turncount: 923 turns ( 0 points) Survival: died (score multiplied by 80%) Total score: 29773 Latest messages: You see here a poisoned dart. The dwarf reads a scroll labeled ELAM EBOW! (You can name a scroll labeled ELAM EBOW from the item naming menu.) A little dart shoots out at you! You are almost hit by a little dart. You kill the dwarf! There are a few objects here. You hit the water nymph! The water nymph pretends to be friendly. The beautiful water nymph seduces you and you start taking off your hat. She stole a +1 dwarvish iron helm. You finish disrobing. You kill the water nymph! There are a few objects here. The dwarf king zaps an iron wand! The bolt of lightning hits you! You are blinded by the flash! Your forked wand emits several sparks! You sense a monster nearby! You can see again. The dwarf king zaps a wand of lightning! The bolt of lightning hits you! You are blinded by the flash! Your forked wand emits several sparks! You die... Final status: Goodbye Honkrish the Monk, killed by a bolt of lightning... You died in The Gnomish Mines on dungeon level 5 with 29773 points, and 237 pieces of gold, after 923 moves. You were level 5 with a maximum of 39 hit points when you died.